 Dungeon Sprint DCSS version 0.28-a0-1629-gf728b707aa (webtiles) character file.

Game seed: 13737903421099287660

1418 xpp the Thaumaturge (level 8, -2/69 HPs)
             Began as a Gnoll Warper on Jan 25, 2022.
             Was a Follower of Kikubaaqudgha.
             Slain by a +1 vorpal flail (9 damage)
             ... in the Dungeon (Sprint V: "Ziggurat Sprint").
             The game lasted 00:03:43 (240 turns).

xpp the Thaumaturge (Gnoll Warper)                   Turns: 240, Time: 00:03:44

Health: -2/69      AC:  4    Str: 18    XL:     8   Next: 71%
Magic:  20/20      EV: 16    Int: 12    God:    Kikubaaqudgha [*.....]
Gold:   0          SH:  9    Dex: 19    Spells: 24/24 levels left

rFire   . . .      SeeInvis .   I - +5 demon blade
rCold   . . .      Faith    .   E - +3 buckler
rNeg    . . .      Spirit   .   a - +0 leather armour
rPois   .          Reflect  .   (no helmet)
rElec   .          Harm     .   (no cloak)
rCorr   .          Rampage  .   (no gloves)
Will    .....      NoTele   +   (no boots)
Stlth   +++.......              (no amulet)
HPRegen 0.21/turn               x - +6 ring of strength
MPRegen 0.17/turn               t - +6 ring of dexterity

@: no status effects
A: fangs 1, strong nose, distributed training
a: Renounce Religion, Receive Corpses


You were in the Dungeon.
You worshipped Kikubaaqudgha.
Kikubaaqudgha was aware of your devotion.
You visited 1 branch

Inventory:

Hand Weapons
 G - a +5 hand crossbow
 I - a +5 demon blade (weapon)
 J - the +7 Singing Sword {vorpal, sonic wave}
   (You found it in the Dungeon)

   It inflicts extra damage upon your enemies.
   It radiates damaging sonic waves as it strikes, especially in combat
   involving dangerous or numerous foes.
 K - the +9 sword of Zonguldrok {reap}
   (You found it in the Dungeon)

   Any living foe damaged by it may be reanimated upon death as a zombie
   friendly to the wielder, with an increasing chance as more damage is dealt.
Missiles
 c - 5 boomerangs of dispersal (quivered)
 H - 1000 bolts
Armour
 a - a +0 leather armour (worn)
 D - +5 gold dragon scales
 E - a +3 buckler (worn)
 F - a +3 kite shield
Jewellery
 t - a +6 ring of dexterity (right hand)
 x - a +6 ring of strength (left hand)
Wands
 z - a wand of mindburst (7)
 A - a wand of iceblast (5)
 B - a wand of acid (5)
Scrolls
 b - 5 scrolls of blinking
 n - 4 scrolls of amnesia
 o - 7 scrolls of fog
 p - a scroll of holy word
 q - 5 scrolls of identify
 r - 2 scrolls of fear
Potions
 d - 10 potions of curing
 e - 7 potions of heal wounds
 f - 6 potions of haste
 g - 7 potions of magic
 h - 3 potions of berserk rage
 i - 2 potions of brilliance
 j - 2 potions of invisibility
 k - 4 potions of resistance
 m - 5 potions of might
Miscellaneous
 C - a lightning rod (2/4)


   Skills:
 + Level 8.3 Fighting
 + Level 6.8 Short Blades
 + Level 6.8 Long Blades
 + Level 6.8 Axes
 + Level 6.8 Maces & Flails
 + Level 6.8 Polearms
 + Level 6.8 Staves
 + Level 6.8 Slings
 + Level 6.8 Bows
 + Level 6.8 Crossbows
 + Level 7.4 Throwing
 + Level 7.4 Armour
 + Level 8.3 Dodging
 + Level 6.8 Stealth
 + Level 6.8 Shields
 + Level 8.3 Unarmed Combat
 + Level 8.6 Spellcasting
 + Level 5.7 Conjurations
 + Level 5.7 Hexes
 + Level 5.7 Summonings
 + Level 5.7 Necromancy
 + Level 8.0 Translocations
 + Level 5.7 Transmutations
 + Level 5.7 Fire Magic
 + Level 5.7 Ice Magic
 + Level 5.7 Air Magic
 + Level 5.7 Earth Magic
 + Level 5.7 Poison Magic
 + Level 7.5 Invocations
 + Level 6.8 Evocations


You had 24 spell levels left.
You didn't know any spells.
Your spell library contained the following spells:

 Spells                   Type           Power      Damage    Failure   Level
 Animate Skeleton         Necr           36%        N/A       1%          1
 Pain                     Necr           72%        1d7       1%          1
 Blink                    Tloc           48%        N/A       1%          2
 Gell's Gravitas          Tloc           24%        N/A       2%          3
 Lesser Beckoning         Tloc           24%        N/A       2%          3
 Teleport Other           Tloc           24%        N/A       2%          3
 Sublimation of Blood     Necr           18%        N/A       3%          2
 Call Canine Familiar     Summ           18%        N/A       6%          3
 Vampiric Draining        Necr           18%        2d7       6%          3
 Hailstorm                Conj/Ice       18%        3d6       19%         4
 Manifold Assault         Tloc           24%        N/A       21%         5
 Summon Cactus Giant      Summ           9%         N/A       96%         6


Dungeon Overview and Level Annotations

Branches:
Dungeon (1/1)

Altars:
Ashenzari
Cheibriados
Dithmenos
Elyvilon
Fedhas
Gozag
Hepliaklqana
Kikubaaqudgha
Makhleb
Nemelex Xobeh
Okawaru
Qazlal
Ru
Sif Muna
Trog
Uskayaw
Vehumet
Wu Jian
Xom
Yredelemnul
Zin
The Shining One
Beogh
Jiyva
Lugonu

Annotations:
D 1 transporter


Innate Abilities, Weirdness & Mutations

You have very sharp teeth.
Your uncanny sense of smell can sniff out nearby items.
Your experience applies equally to all skills.


Message History

You can now receive cadavers from Kikubaaqudgha.
Kikubaaqudgha grants you a gift!
You add the spells Animate Skeleton, Pain, Sublimation of Blood and Vampiric Draining to your library.
The +1 vorpal flail closely misses you.
The deep elf pyromancer hits you with a +0 short sword!
The +1 vorpal flail hits you but does no damage.
Your lightning rod (4/4) has regained three charges.
Your Fighting skill increases to level 8!
Your Throwing skill increases to level 7!
Your Armour skill increases to level 7!
Your Dodging skill increases to level 8!
Your Unarmed Combat skill increases to level 8!
Your Translocations skill increases to level 8!
Your Invocations skill increases to level 7!
Aiming: Thunderbolt
Press: ? - help, Shift-Dir - straight line, f - deep elf pyromancer
Aim: a deep elf pyromancer, wielding a +0 short sword (severely wounded)
The thunderbolt hits the deep elf pyromancer!
The deep elf pyromancer is almost dead.
The +1 vorpal flail hits you!
* * * LOW HITPOINT WARNING * * *
x2 You block the deep elf pyromancer's attack.
You feel much better. You block the +1 vorpal flail's attack.
The deep elf pyromancer hits you with a +0 short sword.
The +1 vorpal flail hits you!
* * * LOW HITPOINT WARNING * * *
x2 You feel much better.
The +1 vorpal flail barely misses you.
The deep elf pyromancer gestures wildly while chanting.
The deep elf pyromancer blinks!
Aiming: Thunderbolt
Press: ? - help, Shift-Dir - straight line, f/p - deep elf pyromancer
Aim: a deep elf pyromancer, wielding a +0 short sword (almost dead)
The thunderbolt hits the deep elf pyromancer!!
You kill the deep elf pyromancer!
Kikubaaqudgha accepts your kill. The +1 vorpal flail hits you!
* * * LOW HITPOINT WARNING * * *
x2 The +1 vorpal flail hits you!
You die...
Kikubaaqudgha rasps: "You have failed me!
Welcome... death!"

▓▓▓▓▓▓▓▓▓▓▓▓▓
▓.8©8.▓.8©8.▓
∆∆∆
▓.?:}.▓.....▓
∆
▓....)▓...|.▓
▓.....▓..)..▓
▓...).▓..)..▓
▓..(§.▓..©..▓
▓..@..▓▓▓▓▓▓▓
▓▓▓▓▓▓▓ ∆∆∆
∆∆∆ ∆ ∆ ∆


You could see a +1 vorpal flail.

Vanquished Creatures
  A deep elf knight (D)
  3 deep elf pyromancers (D)
4 creatures vanquished.

Notes
Turn   | Place    | Note
-------+----------+-------------------------------------------
     0 | D        | xpp the Gnoll Warper began the quest for the Orb.
     0 | D        | Reached XP level 1. HP: 20/20 MP: 6/6
     0 | D        | Found a shimmering blue altar of Sif Muna.
     0 | D        | Found a sacrificial altar of Ru.
     0 | D        | Found a bloodstained altar of Trog.
     0 | D        | Found a stormy altar of Qazlal.
     0 | D        | Found an iron altar of Okawaru.
     0 | D        | Found a sparkling altar of Nemelex Xobeh.
     0 | D        | Found a blossoming altar of Fedhas.
     0 | D        | Found the +6 Majin-Bo {vamp, MP+6 Int+6}
     0 | D        | Found the +9 heavy crossbow "Sniper" {vorpal, Acc+∞ SInv}
     0 | D        | Found the +10 dark maul {vorpal}
     0 | D        | Found the +15 Maxwell's patent armour {-Cast -Tele rElec
                  | Will+ rCorr}
     0 | D        | Found the +18 shield of the Gong {rElec rN+ Will+ EV-5}
     0 | D        | Found the +14 obsidian axe {vorpal, Mesm Drain Fly SInv}
     0 | D        | Found the +7 great mace "Firestarter" {inner flame, rF++}
     0 | D        | Found the +6 shillelagh "Devastator" {shatter}
     0 | D        | Found the +11 plutonium sword {Contam Stlth-}
     0 | D        | Found the +8 lance "Wyrmbane" {slay drac, rPois rF+ rC+
                  | AC+3}
     0 | D        | Found the +9 sword of Zonguldrok {reap}
     0 | D        | Found the +13 scythe of Curses {drain, Drain}
     0 | D        | Found the +5 sword of Power {vorpal}
     0 | D        | Found the +7 mace of Variability {chain chaos}
     0 | D        | Found the +7 Singing Sword {vorpal, sonic wave}
     0 | D        | Found the +8 storm bow {elec, penet}
     2 | D        | Found a transporter.
     2 | D        | Found an ancient bone altar of Kikubaaqudgha.
     2 | D        | Found a viscous altar of Jiyva.
     2 | D        | Found a corrupted altar of Lugonu.
     2 | D        | Found a hazy altar of Hepliaklqana.
     2 | D        | Found a burning altar of Makhleb.
     2 | D        | Found an opulent altar of Gozag.
    38 | D        | Became a worshipper of Kikubaaqudgha
    61 | D        | Reached skill level 5 in Fighting
    61 | D        | Reached skill level 5 in Dodging
    61 | D        | Reached skill level 5 in Unarmed Combat
    61 | D        | Reached skill level 5 in Spellcasting
    61 | D        | Reached skill level 1 in Conjurations
    61 | D        | Reached skill level 1 in Hexes
    61 | D        | Reached skill level 1 in Summonings
    61 | D        | Reached skill level 1 in Necromancy
    61 | D        | Reached skill level 1 in Transmutations
    61 | D        | Reached skill level 1 in Fire Magic
    61 | D        | Reached skill level 1 in Ice Magic
    61 | D        | Reached skill level 1 in Air Magic
    61 | D        | Reached skill level 1 in Earth Magic
    61 | D        | Reached skill level 1 in Poison Magic
    61 | D        | Reached XP level 2. HP: 27/27 MP: 6/8
    80 | D        | Entered arena 2.
    80 | D        | Noticed a deep elf pyromancer
    80 | D        | Noticed a deep elf knight
    80 | D        | Found a transporter.
    84 | D        | Killed a deep elf pyromancer
    85 | D        | Reached skill level 5 in Short Blades
    85 | D        | Reached skill level 5 in Long Blades
    85 | D        | Reached skill level 5 in Axes
    85 | D        | Reached skill level 5 in Maces & Flails
    85 | D        | Reached skill level 5 in Polearms
    85 | D        | Reached skill level 5 in Staves
    85 | D        | Reached skill level 5 in Slings
    85 | D        | Reached skill level 5 in Bows
    85 | D        | Reached skill level 5 in Crossbows
    85 | D        | Reached skill level 5 in Throwing
    85 | D        | Reached skill level 5 in Armour
    85 | D        | Reached skill level 5 in Stealth
    85 | D        | Reached skill level 5 in Shields
    85 | D        | Reached skill level 5 in Invocations
    85 | D        | Reached skill level 5 in Evocations
    85 | D        | Reached XP level 3. HP: 19/36 MP: 8/11
    85 | D        | Reached XP level 4. HP: 23/43 MP: 9/13
    85 | D        | Reached XP level 5. HP: 26/48 MP: 9/14
    85 | D        | Reached XP level 6. HP: 30/55 MP: 10/16
    85 | D        | Killed a deep elf knight
    86 | D        | Reached skill level 5 in Conjurations
    86 | D        | Reached skill level 5 in Hexes
    86 | D        | Reached skill level 5 in Summonings
    86 | D        | Reached skill level 5 in Necromancy
    86 | D        | Reached skill level 5 in Transmutations
    86 | D        | Reached skill level 5 in Fire Magic
    86 | D        | Reached skill level 5 in Ice Magic
    86 | D        | Reached skill level 5 in Air Magic
    86 | D        | Reached skill level 5 in Earth Magic
    86 | D        | Reached skill level 5 in Poison Magic
    86 | D        | Reached XP level 7. HP: 33/61 MP: 10/18
    86 | D        | Reached XP level 8. HP: 37/68 MP: 11/20
    89 | D        | Got Cohoh's Papyrus of Snow and Companions
   231 | D        | Entered arena 3.
   231 | D        | Noticed a deep elf pyromancer
   231 | D        | Noticed a +1 vorpal flail
   231 | D        | Noticed a deep elf pyromancer
   231 | D        | Found a transporter.
   236 | D        | Killed a deep elf pyromancer
   236 | D        | Reached * piety under Kikubaaqudgha
   236 | D        | Received a gift from Kikubaaqudgha
   238 | D        | HP: 2/69 [+1 vorpal flail (6)]
   240 | D        | Killed a deep elf pyromancer
   240 | D        | Slain by a +1 vorpal flail

Illustrated notes

Levels and vault maps discovered:
D:        sprint_v [room_start, room_1, room_2, room_3, room_4, room_5, room_6,
          room_7, room_8, room_9, room_10, room_11, room_12, room_13, room_14,
          room_15, room_16, room_17, room_18, room_19, room_20, room_21,
          room_22, room_23, room_24, room_25, room_26, room_27]

Skill      XL: |  1  2  3  4  5  6  7  8 |
---------------+-------------------------+-----
Fighting       | 5 7 8 |  8.3
Short Blades   | 2 5 6 |  6.8
Long Blades    | 2 5 6 |  6.8
Axes           | 2 5 6 |  6.8
Maces & Flails | 2 5 6 |  6.8
Polearms       | 2 5 6 |  6.8
Staves         | 2 5 6 |  6.8
Slings         | 2 5 6 |  6.8
Bows           | 2 5 6 |  6.8
Crossbows      | 2 5 6 |  6.8
Throwing       | 3 5 6 7 |  7.4
Armour         | 3 5 6 7 |  7.4
Dodging        | 5 7 8 |  8.3
Stealth        | 2 5 6 |  6.8
Shields        | 2 5 6 |  6.8
Unarmed Combat | 5 7 8 |  8.3
Spellcasting   | 5 7 8 |  8.6
Conjurations   | 1 4 5 |  5.7
Hexes          | 1 4 5 |  5.7
Summonings     | 1 4 5 |  5.7
Necromancy     | 1 4 5 |  5.7
Transmutations | 1 4 5 |  5.7
Fire Magic     | 1 4 5 |  5.7
Ice Magic      | 1 4 5 |  5.7
Air Magic      | 1 4 5 |  5.7
Earth Magic    | 1 4 5 |  5.7
Poison Magic   | 1 4 5 |  5.7
Invocations    | 2 5 6 7 |  7.5
Evocations     | 2 5 6 |  6.8
Translocations | 7 8 |  8.0

Action                   |  1- 3 |  4- 6 |  7- 9 || total
-------------------------+-------+-------+-------++-------
Evoke: Wand              |     3 |       |     1 ||     4
       Lightning rod     |     1 |     1 |     5 ||     7
  Use: Potion            |     1 |       |     3 ||     4
Armor: Leather armour    |       |       |     1 ||     1
Dodge: Dodged            |       |       |     2 ||     2
Block: Buckler           |       |       |     5 ||     5

Table legend: (Time is in decaauts)
 A = Elapsed time spent in this place.
 B = Non-inter-level travel time spent in this place.
 C = Inter-level travel time spent in this place.
 D = Time resting spent in this place.
 E = Time spent auto-exploring this place.
 F = Levels seen in this place.
 G = Mean time per level.
                   A        B        C        D        E       F      G
               +--------+--------+--------+--------+--------+-----+--------+
         Total |    238 |    238 |      0 |    155 |      5 |   1 |  238.0 |
       Dungeon |    238 |    238 |      0 |    155 |      5 |   1 |  238.0 |
               +--------+--------+--------+--------+--------+-----+--------+

Top non-repeatable levels by time:
       D: 238 daAuts
